 Dungeon Crawl Stone Soup version 0.20-a0-1065-g8446734 (webtiles) character file.

58 Goblin1989 the Covert (level 3, 0/18 HPs)
             Began as a Spriggan Assassin on Apr 28, 2017.
             Slain by a frilled lizard (1 damage)
             ... on level 4 of the Dungeon.
             The game lasted 00:10:29 (2067 turns).

Goblin1989 the Covert (Spriggan Assassin)           Turns: 2067, Time: 00:10:29

Health: 0/18       AC:  3    Str:  7    XL:     3   Next: 76%
Magic:  4/4        EV: 17    Int: 12    God:
Gold:   135        SH:  0    Dex: 18    Spells: 2/2 levels left

rFire    . . .     SeeInvis +   a - +2 dagger
rCold    . . .     Gourm    .   (shield restricted)
rNeg     . . .     Faith    .   c - +0 robe
rPois    .         Spirit   .   (helmet restricted)
rElec    .         Reflect  .   d - +0 cloak
rCorr    .         Harm     .   (gloves unavailable)
MR       .....                  (boots unavailable)
Stlth    ++++......             (no amulet)
Regen    0.1/turn               y - -2 ring of slaying (curse)
MPRegen  0.1/turn               l - ring of flight

@: very quick
A: unfitting armour, see invisible, herbivore 3, speed 3, slow metabolism 2
a: Evoke Flight


You were on level 4 of the Dungeon.
You were not hungry.

You visited 1 branch of the dungeon, and saw 4 of its levels.

You collected 135 gold pieces.

Inventory:

Hand Weapons
 a - a +2 dagger (weapon)
 b - a +0 dagger
 h - a +0 dagger
 i - a +0 club
 k - a cursed -3 whip
 m - a +0 club
 n - a +0 mace
 r - a -1 dagger
 s - a +0 club
 t - a +0 club
 u - a +0 dagger
 w - a +0 blowgun {@w1}
 x - a +0 short sword
 z - a +0 club
 C - a +0 spear
 D - a +0 club
 I - a +0 flail
 J - a +0 club
Missiles
 f - a curare-tipped needle
 g - 8 poisoned needles
 j - 88 stones (quivered)
 o - 39 bolts
 G - 9 arrows
Armour
 c - a +0 robe (worn)
 d - a +0 cloak (worn)
 q - a +0 ring mail
 A - a +0 leather armour
 B - a +0 ring mail
 E - a +0 ring mail
 K - a +0 leather armour
Jewellery
 l - a ring of flight (right hand)
 y - a cursed -2 ring of slaying (left hand)
Scrolls
 F - 2 scrolls of teleportation {unknown}
 H - a scroll of fear {unknown}
 N - a scroll of remove curse {@r2}
 R - 3 scrolls of identify {@r1}
Potions
 p - 5 potions of curing {@q1}
 v - a potion of magic {unknown}
 L - a potion of heal wounds {unknown}
 M - 2 potions of mutation {unknown}
Comestibles
 e - 3 bread rations {@e1}


   Skills:
 - Level 1.5 Fighting
 - Level 2.1 Short Blades
 - Level 2.0 Throwing
 - Level 1.5 Dodging
 + Level 8.2 Stealth


You had 2 spell levels left.
You didn't know any spells.

Dungeon Overview and Level Annotations

Branches:
Dungeon (4/15)
 Temple: D:4-7

Altars:

Annotations:
D:4 exclusion: Edmund, Bronet's ghost, amateur DrTm; Edmund


Innate Abilities, Weirdness & Mutations

You are very small and have problems with some larger weapons.
You are too small for most types of armour.
You have supernaturally acute eyesight. (SInv)
You are a herbivore.
You cover ground extremely quickly.
You need consume almost no food.


Message History

There is an open door here.
Health restored: 18
g - 7 poisoned needles (gained 1)
g - 8 poisoned needles (gained 1);
f - a curare-tipped needle Unknown command.
You now have 135 gold pieces (gained 14).
Bronet's ghost (amateur Draconian Transmuter) comes into view.
Unknown command.
You see here 2 metallic grey potions.
M - 2 metallic grey potions Bronet's ghost turns its malevolent gaze towards you.
There is an open door here.
There is an open door here.
A frilled lizard comes into view.
The frilled lizard hisses angrily.
An orc comes into view. It is wielding a falchion.
The frilled lizard barely misses you.
You see here a scroll of remove curse {@r2}.
N - a scroll of remove curse {@r2} The frilled lizard bites you.
You take 1 damage, and have 17/18 hp.
There is an open door here. 2 orcs and an orc wizard come into view.
The helpless orc fails to defend itself.
You stick the orc like a pincushion!!!
You kill the orc!
An orc comes into view.
Things that are here:
a club; a leather armour The orc completely misses you.
The orc wizard shouts!
You hit the orc wizard.
The orc wizard is lightly wounded.
The orc shouts!
The orc wizard hits you but does no damage.
The orc misses you.
You closely miss the orc wizard.
The orc wizard is lightly wounded.
The orc wizard barely misses you. The orc completely misses you.
You hit the orc wizard but do no damage.
The orc wizard is lightly wounded.
The orc hits you but does no damage. The orc wizard hits you with a dagger.
You hit the orc wizard but do no damage.
The orc wizard is lightly wounded.
You hit the orc wizard but do no damage.
The orc wizard is lightly wounded.
The orc closely misses you.
The orc wizard hits you but does no damage.
You hit the orc wizard.
The orc wizard is heavily wounded.
The orc completely misses you. The orc wizard misses you.
You closely miss the orc wizard.
The orc wizard is heavily wounded.
The orc wizard barely misses you. The orc hits you with a dagger.
You take 2 damage, and have 15/18 hp.
You hit the orc wizard.
The orc wizard is heavily wounded.
The orc wizard barely misses you. The orc hits you with a dagger.
You take 3 damage, and have 12/18 hp.
You barely miss the orc wizard.
The orc wizard is heavily wounded.
The orc hits you but does no damage. The orc wizard barely misses you.
The frilled lizard misses you.
You hit the orc wizard.
The orc wizard is heavily wounded.
The orc wizard mumbles some strange words.
The orc wizard blinks!
The orc closely misses you.
You completely miss the orc wizard.
The orc wizard is heavily wounded.
The frilled lizard bites you. The orc wizard barely misses you.
The orc closely misses you.
You take 2 damage, and have 10/18 hp.
You closely miss the orc wizard.
The orc wizard is heavily wounded.
The frilled lizard closely misses you.
The orc wizard gestures wildly while chanting.
The orc wizard blinks!
The orc barely misses you.
You hit the orc but do no damage.
The frilled lizard completely misses you.
You hit the orc wizard.
The orc wizard is severely wounded.
You completely miss the orc wizard.
The orc wizard is severely wounded.
The frilled lizard bites you but does no damage.
The orc wizard hits you but does no damage.
You hit the orc wizard.
The orc wizard is severely wounded.
The frilled lizard bites you. The orc wizard barely misses you.
You take 1 damage, and have 9/18 hp.
You hit the orc wizard.
The orc wizard is almost dead.
The frilled lizard barely misses you. The orc wizard casts a spell at you.
The magic dart hits you!
* * * LOW HITPOINT WARNING * * *
You take 8 damage, and have 1/18 hp.
MASSIVE DAMAGE!!
You hit the orc wizard.
The orc wizard is almost dead.
The frilled lizard bites you.
You die... ██████████████████

........l........█
█.......████████.█
█.......▲ █.█
█.......█ █.█
........█ █)█
....l...█


█l███ .██∆██████ █@oo█ .........█ ███o█ .........█ ... .........█ ███ .........█
.........██ ........... ........... ........... You could see an orc wizard, 2
orcs and a frilled lizard.

Vanquished Creatures
  2 adders
  2 dart slugs (D:1)
  A leopard gecko (D:1)
  3 orcs
  4 bats
  A giant cockroach (D:1)
  4 goblins
  5 hobgoblins
  A quokka (D:3)
  A frilled lizard (D:3)
  7 kobolds
  A rat (D:3)
32 creatures vanquished.

Notes
Turn   | Place    | Note
-------+----------+-------------------------------------------
     0 | D:1      | Goblin1989 the Spriggan Assassin began the quest for the Orb.
     0 | D:1      | Reached XP level 1. HP: 10/10 MP: 2/2
    72 | D:1      | Reached skill level 6 in Stealth
   292 | D:1      | Reached XP level 2. HP: 14/14 MP: 3/3
   595 | D:1      | Reached skill level 7 in Stealth
  1321 | D:3      | Reached XP level 3. HP: 18/18 MP: 4/4
  1677 | D:3      | Reached skill level 8 in Stealth
  1753 | D:4      | Noticed Edmund
  1965 | D:4      | Noticed Bronet's ghost (amateur DrTm)
  2067 | D:4      | Slain by a frilled lizard

Vault maps used:
D:1:      ncdulo_smallfort
D:2:      wad_woods_settlement, grunt_temple_overflow_open
D:3:      yredelemnul_forgotten_temple_becter
D:4:      first_bread, minmay_misc_feat_room, minmay_misc_feat_plants,
          uniq_edmund, uniq_duvessa

Skill      XL: |  1  2  3 |
---------------+----------+-----
Stealth        | 6 7 8 |  8.2
Fighting       | |  1.5
Short Blades   | |  2.1
Throwing       | |  2.0
Dodging        | |  1.5

Action                   || total
-------------------------++-------
Melee: Dagger            ||   134
 Fire: Blowgun           ||    11
  Use: Scroll            ||     3
 Stab: Sleeping          ||    10
       Distracted        ||     2
Armor: Robe              ||    13
Dodge: Dodged            ||    87

Vault maps used:
D:1:      ncdulo_smallfort
D:2:      wad_woods_settlement, grunt_temple_overflow_open
D:3:      yredelemnul_forgotten_temple_becter
D:4:      first_bread, minmay_misc_feat_room, minmay_misc_feat_plants,
          uniq_edmund, uniq_duvessa
